[Event "*** Titled Tuesday Blitz"]
[Site "Chess.com"]
[Date "2020.04.07"]
[Round "5"]
[White "amintabatabaei"]
[Black "Rodalquilar"]
[Result "1-0"]
[WhiteElo "2814"]
[BlackElo "2619"]
[TimeControl "180+1"]
[EndTime "13:55:27 PDT"]
[Termination "amintabatabaei won by resignation"]

1. e4 d5 2. exd5 Qxd5 3. Nc3 Qa5 4. d4 Nf6 5. Nf3 Bf5 6. Bc4 e6 7. Bd2 Bb4 8. a3 Bxc3 9. Bxc3 Qb6 10. O-O Nc6 11.
Ne5 Nxe5 12. dxe5 Rd8 13. exf6 Rxd1 14. Raxd1 gxf6 15. Bxf6 O-O 16. Rd2 Qc6 17. Bb3 Be4 18. Rd4 b5 19. Re1 Bg6 20. Red1 h6 21. Rd8 Bxc2 22.
Rxf8+ Kh7 23. Rc1 Qd6 24. Bxc2+ 1-0

[Event "*** Titled Tuesday Blitz"]
[Site "Chess.com"]
[Date "2020.04.07"]
[Round "5"]
[White "vanea_03"]
[Black "ahkashefi2800"]
[Result "0-1"]
[WhiteElo "2601"]
[BlackElo "2234"]
[TimeControl "180+1"]
[EndTime "13:55:27 PDT"]
[Termination "ahkashefi2800 won by resignation"]

1. e4 c5 2. Nf3 d6 3. Bb5+ Bd7 4. c4 a6 5. Bxd7+ Qxd7 6. Nc3 g6 7.
O-O Bg7 8. d4 cxd4 9. Nxd4 Nf6 10. f3 O-O 11. Be3 Nc6 12. Qd2 Rfc8 13. Nde2 b5 14.
cxb5 axb5 15. Nxb5 Ne5 16. Nbd4 Nc4 17. Qc1 Qb7 18.
b3 Nxe3 19. Qxe3 Nd7 20. Qd2 Nc5 21. Rac1 Qa7 22. Rc2 Ne6 23. Rxc8+ Rxc8 24. Rd1 Nxd4 25. Nxd4 e5 0-1

[Event "*** Titled Tuesday Blitz"]
[Site "Chess.com"]
[Date "2020.04.07"]
[Round "5"]
[White "Rakesh"]
[Black "Superfelix"]
[Result "0-1"]
[WhiteElo "2328"]
[BlackElo "2496"]
[TimeControl "180+1"]
[EndTime "13:55:28 PDT"]
[Termination "Superfelix won by resignation"]

1. e4 c6 2. c4 g6 3. Nc3 Bg7 4. d4 d6 5. Nf3 a6 6. Be3 b5 7.
Qd2 Nd7 8. Bd3 e5 9. O-O Ngf6 10. h3 O-O 11. Rad1 Bb7 12. b3 Qe7 13. Rfe1 Nh5 14. Bg5 f6 15. Bh6 Bxh6 16. Qxh6 Nf4 17. Bf1 Rf7 18.
g3 Ne6 19. h4 b4 20. Na4 c5 21. dxe5 Nxe5 22. Nxe5 fxe5 23. Nb6 Raf8 24. Rd2 Nd4 25. Bg2 Qf6 26. Re3 Bc6 27. h5 Rg7 28. Nd5 Bxd5 29. exd5 g5 30. Qxf6 Rxf6 31. Be4 a5 32. g4 a4 33. Kg2 Ra7 34. Kg3 h6 35. Bg6 Rf4 36. Be4 Kg7 37. f3 Rf8 38. Rf2 Rfa8 39. Rb2 axb3 40.
axb3 Ra2 41. Rf2 Rxf2 42. Kxf2 Ra2+ 43. Kf1 Rb2 44. Re1 Nxb3 45. f4 Nd2+ 46. Kg1 Nxe4 47. Re2 Rxe2 0-1

[Event "*** Titled Tuesday Blitz"]
[Site "Chess.com"]
[Date "2020.04.07"]
[Round "5"]
[White "MrrRefrao"]
[Black "gixfantastix"]
[Result "1-0"]
[WhiteElo "2413"]
[BlackElo "2096"]
[TimeControl "180+1"]
[EndTime "13:55:28 PDT"]
[Termination "MrrRefrao won on time"]

1. e4 Nf6 2. e5 Nd5 3. d4 d6 4. Nf3 Bg4 5. Be2 e6 6. c4 Nb6 7. exd6 cxd6 8. h3 Bh5 9. Nc3 Be7 10. d5 e5 11. g4 Bg6 12. h4 h5 13. g5 N8d7 14. Be3 O-O 15. Nd2 Rc8 16. b3 Nc5 17. Bxh5 Nd3+ 18. Kf1 Nf4 19. Bxf4 exf4 20. Bxg6 fxg6 21.
Nf3 Nd7 22. Nd4 Ne5 23. Ne6 Qd7 24. h5 Rf5 25. Ne4 f3 26. hxg6 Qe8 27. Ng3 Qxg6 28. Nxf5 Qxf5 29. Qd2 Bxg5 30. Qxg5 Qd3+ 31. Kg1 1-0

[Event "*** Titled Tuesday Blitz"]
[Site "Chess.com"]
[Date "2020.04.07"]
[Round "5"]
[White "fpawn"]
[Black "PawnEatingZombie"]
[Result "1-0"]
[WhiteElo "2296"]
[BlackElo "2130"]
[TimeControl "180+1"]
[EndTime "13:55:29 PDT"]
[Termination "fpawn won by resignation"]

1. e4 c6 2. d4 d5 3. Nc3 dxe4 4.
Nxe4 Bf5 5. Ng3 Bg6 6. h4 h6 7. h5 Bh7 8. Nf3 Nd7 9. Bd3 Bxd3 10. Qxd3 e6 11. Bd2 Ngf6 12. O-O-O Be7 13. Kb1 Qb6 14.
Ne4 Rd8 15. Nxf6+ Nxf6 16. Qe2 c5 17. Be3 cxd4 18. Bxd4 Qa5 19. Bc3 Qb6 20. Rxd8+ Bxd8 21. Ne5 O-O 22. g4 Nd5 23. Bd2 Qc7 24. f4 Bf6 25. c4 Nb6 26. b3 Bxe5 27. fxe5 Nd7 28. Bc3 Nc5 29. Rg1 Qc6 30. g5 hxg5 31. Rxg5 Qe4+ 32.
Qc2 Qxc2+ 33. Kxc2 Ne4 34. Rg4 Nxc3 35. Kxc3 Rd8 36.
Rd4 Rxd4 37. Kxd4 Kh7 38. c5 Kh6 39. b4 Kxh5 40. b5 g5 41. c6 bxc6 42. bxc6 g4 43.
c7 g3 44. Ke3 Kh4 45. c8=Q g2 46. Kf2 1-0

[Event "*** Titled Tuesday Blitz"]
[Site "Chess.com"]
[Date "2020.04.07"]
[Round "5"]
[White "thedjoker98"]
[Black "DeGrootteZ"]
[Result "0-1"]
[WhiteElo "2475"]
[BlackElo "2702"]
[TimeControl "180+1"]
[EndTime "13:55:33 PDT"]
[Termination "DeGrootteZ won by resignation"]

1. d4 d5 2. c4 e6 3. Nc3 Nf6 4. cxd5 exd5 5. Bg5 c6 6. e3 Bd6 7. Bd3 O-O 8. Nf3 Be6 9. O-O Nbd7 10. Rb1 a5 11. a3 b5 12. Rc1 Rc8 13. e4 dxe4 14.
Nxe4 Be7 15. Ne5 Nxe5 16. dxe5 Nxe4 17. Bxe7 Qxe7 18. Bxe4 Bc4 19. Re1 a4 20. Qf3 g6 21.
Bxc6 Rfd8 22. Be4 Rc5 23. Qc3 Rdc8 24. Qb4 Rxe5 25. Qxe7 Rxe7 26. Bf3 Rd7 27. Rc2 Rcd8 28. Rec1 Rd2 29. h4 Kg7 30. Bc6 R8d6 31. Be4 Bb3 32.
Rxd2 Rxd2 33. Bc6 Bc4 0-1

[Event "*** Titled Tuesday Blitz"]
[Site "Chess.com"]
[Date "2020.04.07"]
[Round "5"]
[White "hedgehog280"]
[Black "ElHelvetico"]
[Result "1-0"]
[WhiteElo "2647"]
[BlackElo "2599"]
[TimeControl "180+1"]
[EndTime "13:55:34 PDT"]
[Termination "hedgehog280 won by resignation"]

1. c4 Nf6 2. Nc3 e6 3. e4 d5 4. e5 d4 5. exf6 dxc3 6. bxc3 Qxf6 7. d4 b6 8. Be2 Bb7 9. Bf3 Bxf3 10. Nxf3 Nd7 11.
Qa4 Bd6 12. O-O Qf5 13. Re1 Rd8 14. Ne5 Bxe5 15. Rxe5 Qd3 16. Bg5 f6 17. Rxe6+ Kf7 18. Rae1 Qxc3 19. Re7+ Kg6 20. Bf4 Rhe8 21. Qd1 Ne5 22.
Rxe8 Rxd4 23. Bxe5 fxe5 24. Qb1+ Kf7 25. R8xe5 1-0

[Event "*** Titled Tuesday Blitz"]
[Site "Chess.com"]
[Date "2020.04.07"]
[Round "5"]
[White "MITerryble"]
[Black "iaraldinho"]
[Result "1-0"]
[WhiteElo "2897"]
[BlackElo "2632"]
[TimeControl "180+1"]
[EndTime "13:55:35 PDT"]
[Termination "MITerryble won by resignation"]

1. d4 f5 2. Bg5 g6 3. Nc3 Bg7 4.
e4 fxe4 5. Nxe4 d5 6. Nc3 Nc6 7.
Bb5 Nh6 8. Bxh6 Bxh6 9. Nf3 O-O 10. h3 Bg7 11. O-O Qd6 12. Re1 Bf5 13. Bxc6 bxc6 14. Ne5 Rab8 15. Na4 Qf6 16. Qd2 Bc8 17. c3 h5 18. Nc5 Qd6 19. b4 Kh7 20. Re2 Rf5 21.
Rae1 a5 22. a3 axb4 23. axb4 Ra8 24. Qb2 Ba6 25. Re3 Bxe5 26. Rxe5 Rxe5 27. Rxe5 Bc4 28. Qd2 Ra1+ 29. Kh2 Qf6 30. Qe3 Ra2 31. Rxe7+ Kh8 32. Qh6+ Kg8 33. Re8+ 1-0

[Event "*** Titled Tuesday Blitz"]
[Site "Chess.com"]
[Date "2020.04.07"]
[Round "5"]
[White "kleinebeer98"]
[Black "CyberneticLion"]
[Result "1-0"]
[WhiteElo "2722"]
[BlackElo "2517"]
[TimeControl "180+1"]
[EndTime "13:55:35 PDT"]
[Termination "kleinebeer98 won by resignation"]

1. e4 e5 2. Nf3 Nc6 3. d4 exd4 4. c3 d5 5. exd5 Qxd5 6. cxd4 Bg4 7. Be2 Bb4+ 8. Nc3 Nf6 9. O-O Bxc3 10. bxc3 O-O 11. h3 Bh5 12. Bf4 Qd7 13. Rb1 Nd5 14. Bd2 Rab8 15.
Qa4 a6 16. Ne5 Nxe5 17. Qxd7 Nxd7 18. Bxh5 N7f6 19. Bf3 b6 20. c4 Ne7 21. Bf4 Rfc8 22. Rfe1 Nf5 23. Be5 Nd7 24. Bg4 g6 25. Bf4 Re8 26. Rxe8+ Rxe8 27. Bxc7 Rc8 28. Bxb6 Rxc4 29. Bxf5 gxf5 30. d5 Ra4 31. Be3 Rxa2 32. Rb7 Nf6 33. Bd4 Ne8 34. Rb8 Kf8 35. d6 1-0

[Event "*** Titled Tuesday Blitz"]
[Site "Chess.com"]
[Date "2020.04.07"]
[Round "5"]
[White "IAgrest"]
[Black "GGX0X0"]
[Result "1-0"]
[WhiteElo "2190"]
[BlackElo "2312"]
[TimeControl "180+1"]
[EndTime "13:55:35 PDT"]
[Termination "IAgrest won by resignation"]

1. e4 c6 2. d4 d5 3. f3 e6 4.
Nc3 Bb4 5. Bf4 Nf6 6. Qd3 b6 7. Ne2 Ba6 8. Qe3 h6 9. O-O-O Nh5 10. Kb1 Nxf4 11. Nxf4 Bxf1 12. Rhxf1 O-O 13. g4 Qg5 14. Nce2 dxe4 15. fxe4 a5 16. Qg3 Qb5 17. h4 Be7 18. Rf2 c5 19. g5 hxg5 20. hxg5 cxd4 21. g6 Qg5 22. Qh3 e5 23. Rg2 Qh6 24. gxf7+ Kh7 25. Qf5+ Kh8 26. Ng6+ Kh7 27. Nxf8+ Kh8 28. Ng6+ Kh7 29.
Nxe7+ 1-0

[Event "*** Titled Tuesday Blitz"]
[Site "Chess.com"]
[Date "2020.04.07"]
[Round "5"]
[White "2165149677570"]
[Black "volcanoexplorer"]
[Result "0-1"]
[WhiteElo "2370"]
[BlackElo "2543"]
[TimeControl "180+1"]
[EndTime "13:55:36 PDT"]
[Termination "volcanoexplorer won by resignation"]

1. e4 e5 2. Nf3 Nc6 3. Bb5 a6 4. Ba4 Nf6 5. O-O Be7 6. Re1 b5 7. Bb3 O-O 8. d4 d6 9. c3 Bg4 10. Be3 exd4 11. cxd4 Na5 12. Bc2 c5 13. Nbd2 cxd4 14.
Bxd4 Rc8 15. Bd3 Nc6 16. Be3 d5 17. h3 dxe4 18. Nxe4 Bxf3 19. gxf3 Nd5 20. f4 Bf6 21. Nxf6+ Qxf6 22. Qh5 Qh6 23. Qxd5 Rfd8 24. Qe4 Qxh3 25. Bf1 Qg4+ 26. Bg2 Rd6 27. f5 Qh5 28. Rad1 Rxd1 29. Rxd1 Qxd1+ 30. Kh2 Qh5+ 31. Kg3 g6 32. f6 Qf5 33.
Qxf5 gxf5 34. Kf4 Nb4 35. a3 Nd3+ 36. Kxf5 Nxb2 37. Bb7 Rd8 38. Bxa6 Ra8 39. Bxb5 Ra5 40. a4 Nxa4 0-1

[Event "*** Titled Tuesday Blitz"]
[Site "Chess.com"]
[Date "2020.04.07"]
[Round "5"]
[White "cuprichanin"]
[Black "ecwinslow"]
[Result "0-1"]
[WhiteElo "2320"]
[BlackElo "2176"]
[TimeControl "180+1"]
[EndTime "13:55:36 PDT"]
[Termination "ecwinslow won on time"]

1. Nc3 Nf6 2. e4 d6 3. d4 g6 4. f4 Bg7 5. Nf3 O-O 6. e5 Nfd7 7. h4 c5 8. h5 cxd4 9. Qxd4 dxe5 10. Qg1 e4 11. Nxe4 Nf6 12. Nxf6+ exf6 13. hxg6 hxg6 14. Bd2 Re8+ 15. Be2 Nc6 16. O-O-O Rxe2 17. Qh2 Qb6 18. Bc3 Bf5 19. Nd2 Nb4 20. Qh7+ Kf8 21. Rde1 Nxa2+ 22. Kd1 Nxc3+ 23. bxc3 Rxd2+ 24. Kxd2 Rd8+ 25. Ke2 Bxc2 26. Kf3 Qc6+ 27. Kg3 Qxc3+ 0-1

[Event "*** Titled Tuesday Blitz"]
[Site "Chess.com"]
[Date "2020.04.07"]
[Round "5"]
[White "Budisavljevic"]
[Black "PenguinPacks"]
[Result "0-1"]
[WhiteElo "2436"]
[BlackElo "2400"]
[TimeControl "180+1"]
[EndTime "13:55:37 PDT"]
[Termination "PenguinPacks won by resignation"]

1. d4 Nf6 2. Nf3 c5 3. d5 e6 4.
Nc3 a6 5. a4 b6 6. e4 Bb7 7.
Bc4 Qc7 8. e5 Nxd5 9. Nxd5 Bxd5 10. Bxd5 exd5 11. Qxd5 Nc6 12. Bf4 Be7 13. e6 dxe6 14.
Qxe6 fxe6 15. Bxc7 Nb4 16. O-O-O Nd5 17. Be5 Bf6 18.
Rhe1 Kf7 19. c4 Ne7 20. Rd7 Rhd8 21. Red1 Ke8 22. R7d6 Rxd6 23. Rxd6 Nc8 24. Rxe6+ Kd7 25. Bxf6 Kxe6 26. Bxg7 Nd6 27. b3 Rg8 28. Bc3 Ne4 29.
a5 Nxc3 0-1

[Event "*** Titled Tuesday Blitz"]
[Site "Chess.com"]
[Date "2020.04.07"]
[Round "5"]
[White "CookiesAndIceCream"]
[Black "Ovsiannikov_Maxim"]
[Result "0-1"]
[WhiteElo "2348"]
[BlackElo "2224"]
[TimeControl "180+1"]
[EndTime "13:55:38 PDT"]
[Termination "Ovsiannikov_Maxim won by resignation"]

1. e4 e6 2. d4 d5 3. Nd2 dxe4 4.
Nxe4 Bd7 5. Nf3 Bc6 6. Bd3 Nd7 7.
Qe2 Ngf6 8. Nxf6+ Nxf6 9. Be3 Be7 10. O-O-O Be4 11. Bb5+ c6 12. Ba4 b5 13. Bb3 a5 14.
a4 Rb8 15. Ne5 Qc7 16. Bf4 Bd6 17. Rhe1 Bd5 18. Kb1 O-O 19. Bg3 Qb7 20. axb5 cxb5 21. Bxd5 Nxd5 22. Nd3 Qc7 23. Nc5 Qc6 24. Bxd6 Qxd6 25.
h3 b4 26. Qd3 Rfd8 27. Re4 Qb6 28. Rde1 Nc3+ 29. bxc3 bxc3+ 30. Nb3 a4 31. Qxc3 axb3 32. cxb3 Rdc8 33. Qd3 Qb4 34. R4e3 Ra8 35. Qe2 Qa3 36. Qb2 Qa5 37. Rc1 Rcb8 38. Rec3 Qf5+ 39. Qc2 Qg6 40. Rc8+ Rxc8 0-1

[Event "*** Titled Tuesday Blitz"]
[Site "Chess.com"]
[Date "2020.04.07"]
[Round "5"]
[White "michechess89"]
[Black "Gentlejimmy7"]
[Result "0-1"]
[WhiteElo "2413"]
[BlackElo "2609"]
[TimeControl "180+1"]
[EndTime "13:55:39 PDT"]
[Termination "Gentlejimmy7 won on time"]

1. c4 Nf6 2. Nc3 d5 3. cxd5 Nxd5 4. e4 Nxc3 5. dxc3 Qxd1+ 6. Kxd1 e5 7. Be3 Be6 8. Kc2 Nd7 9. Nf3 Bc5 10. Bxc5 Nxc5 11. Nxe5 Nxe4 12. f3 Nd6 13. Bd3 f6 14. Ng4 O-O-O 15.
Rhe1 Bf5 16. Rad1 Bxd3+ 17. Rxd3 Nf5 18. Rxd8+ Rxd8 19. Nf2 Nh4 20. Re7 Rd7 21. Re8+ Rd8 22. Re7 Rg8 23. Nd3 Nxg2 24. Kd2 Nh4 25. Nc5 Nxf3+ 26.
Ke3 Nxh2 27. Kf4 h5 28. Ne6 g5+ 29. Kg3 Nf1+ 30. Kf2 Nd2 31. Rxc7+ Kb8 32. Rh7 h4 33. Nc5 b6 34. Nd7+ Kc8 35. Ke3 Re8+ 36. Kf2 Ne4+ 37. Kg2 Rd8 38. Kf3 Rxd7 39. Rh8+ Rd8 0-1

[Event "*** Titled Tuesday Blitz"]
[Site "Chess.com"]
[Date "2020.04.07"]
[Round "5"]
[White "AnonymousBread"]
[Black "Oleg_Papayan"]
[Result "1-0"]
[WhiteElo "2527"]
[BlackElo "2336"]
[TimeControl "180+1"]
[EndTime "13:55:40 PDT"]
[Termination "AnonymousBread won by resignation"]

1. d4 Nf6 2. Nc3 d5 3. Bf4 e6 4. e3 Be7 5. Nf3 O-O 6. Bd3 b6 7. O-O Bb7 8. Re1 Nbd7 9. e4 dxe4 10.
Nxe4 Nxe4 11. Bxe4 Bxe4 12. Rxe4 c5 13. c3 Nf6 14. Re1 Nd5 15. Bg3 cxd4 16. Nxd4 Qd7 17. Qf3 Bf6 18. Rad1 Qa4 19. a3 Rac8 20. h3 h6 21. Rd2 Bg5 22. Rde2 Bf6 23. Be5 Bxe5 24. Rxe5 Qc4 25. Qg4 Nf6 26. Qg3 Rfd8 27. R1e3 Rd5 28.
Rf3 Rxe5 29. Qxe5 Qd5 30. Qe3 Rd8 31. Rg3 Ne4 32. Rg4 f5 33. Rg6 Ng5 34. h4 Kh7 35.
Rxg7+ Kxg7 36. hxg5 Qe4 37. Qxe4 1-0

[Event "*** Titled Tuesday Blitz"]
[Site "Chess.com"]
[Date "2020.04.07"]
[Round "5"]
[White "checkmatequen"]
[Black "Crazy_girl99"]
[Result "1-0"]
[WhiteElo "2260"]
[BlackElo "2463"]
[TimeControl "180+1"]
[EndTime "13:55:40 PDT"]
[Termination "checkmatequen won by checkmate"]

1. e4 e5 2. Nf3 Nc6 3. Bb5 a6 4. Ba4 Nf6 5. d3 b5 6. Bb3 Be7 7. c3 d6 8. O-O O-O 9. Re1 h6 10. Nbd2 Be6 11. Bc2 Qc8 12. Nf1 Rd8 13. d4 exd4 14.
cxd4 Nb4 15. Bb1 a5 16. a3 Na6 17. d5 Bg4 18. h3 Bh5 19. Ng3 Bg6 20. Nh4 Bh7 21.
Nhf5 Bf8 22. Qf3 Nd7 23. Bf4 Nac5 24. Nh5 Kh8 25. Qg3 Bg6 26. Qh4 Bxh5 27. Qxh5 Kg8 28. e5 dxe5 29. Bxh6 Nf6 30. Qg5 Nh7 31. Ne7+ Kh8 32. Bxh7 Qd7 33. Nf5 f6 34. Qg6 gxh6 35. Qg8# 1-0

[Event "*** Titled Tuesday Blitz"]
[Site "Chess.com"]
[Date "2020.04.07"]
[Round "5"]
[White "zacachess"]
[Black "OhanyanEminChess"]
[Result "1/2-1/2"]
[WhiteElo "2292"]
[BlackElo "2562"]
[TimeControl "180+1"]
[EndTime "13:55:41 PDT"]
[Termination "Game drawn by repetition"]

1. e4 e5 2. Nf3 Nc6 3. Bc4 Nf6 4. d3 Bc5 5. c3 O-O 6. O-O d6 7. Nbd2 a6 8. Bb3 Ba7 9. h3 Qe7 10. Re1 Be6 11. Nf1 Rad8 12. Ng3 d5 13. Qe2 dxe4 14. dxe4 Bxb3 15. axb3 Qe6 16. b4 h6 17. Nf5 Ne7 18.
N3h4 Ng6 19. Qf3 Nxh4 20. Nxh4 Kh7 21. Nf5 Ng8 22. b5 g6 23. Ng3 Rd6 24. bxa6 Rxa6 25. Be3 Bxe3 26. Qxe3 Rfa8 27. Rxa6 Qxa6 28. Rd1 Qc6 29.
f4 Re8 30. f5 Nf6 31. fxg6+ fxg6 32. Kh2 Kg7 33. b3 b6 34. c4 Ra8 35. Rf1 Rf8 36.
Rd1 Qe6 37. Ne2 Qe7 38. Nc3 Rd8 39. Nd5 Qe6 40. Rf1 Nxd5 41. exd5 Qd6 42. Qe4 Rf8 43. Rxf8 Kxf8 44. Kg1 Kf7 45. Kf2 Kf6 46. Qf3+ Kg7 47. Qe4 Qc5+ 48. Qe3 Qe7 49. Qe4 Qf6+ 50. Kg3 Qg5+ 51.
Qg4 Qe3+ 52. Kh2 h5 53. Qd7+ Kh6 54. Qxc7 Qf4+ 55. Kg1 Qe3+ 56. Kh2 Qxb3 57. Qxe5 Qxc4 58. Qh8+ Kg5 59. Qe5+ Kh6 60. Qh8+ Kg5 61. Qe5+ Kh6 1/2-1/2

[Event "*** Titled Tuesday Blitz"]
[Site "Chess.com"]
[Date "2020.04.07"]
[Round "5"]
[White "Sunnika"]
[Black "SergioGarciaFuentes"]
[Result "1-0"]
[WhiteElo "2360"]
[BlackElo "2197"]
[TimeControl "180+1"]
[EndTime "13:55:41 PDT"]
[Termination "Sunnika won by resignation"]

1. d4 d5 2. Nf3 Nf6 3. c4 c6 4. e3 a6 5. Nbd2 g6 6. Bd3 Bg7 7. O-O O-O 8. b3 c5 9. Bb2 cxd4 10.
Bxd4 Nc6 11. Bb2 Nb4 12. Be2 Bf5 13. a3 Nd3 14. Bd4 Rc8 15. Nh4 Nc5 16. Nxf5 gxf5 17. cxd5 Nxd5 18. Bxg7 Kxg7 19. Qc2 e6 20. Bf3 Ne4 21.
Qb2+ Qf6 22. Qxf6+ Ndxf6 23. Nc4 b5 24. Na5 Nd2 25.
Rfd1 Nxf3+ 26. gxf3 Rfd8 27. Rxd8 Rxd8 28. Rc1 Rd6 29. Kf1 Nd5 30. Ke2 b4 31. axb4 Nxb4 32. Rc4 Nd5 33. Rc6 Rxc6 34. Nxc6 Kf8 35. Kd3 Kg7 36. Kc4 Kf6 37. Kc5 Kg5 38. Nd8 f6 39. Nxe6+ 1-0

[Event "*** Titled Tuesday Blitz"]
[Site "Chess.com"]
[Date "2020.04.07"]
[Round "5"]
[White "rpragchess"]
[Black "Willychess95"]
[Result "1-0"]
[WhiteElo "2800"]
[BlackElo "2612"]
[TimeControl "180+1"]
[EndTime "13:55:42 PDT"]
[Termination "rpragchess won on time"]

1. Nf3 Nf6 2. g3 b5 3. Bg2 Bb7 4. d3 e6 5. O-O d5 6. a4 b4 7.
Nbd2 a5 8. e4 Be7 9. Re1 O-O 10.
exd5 Bxd5 11. Ne5 Bxg2 12. Kxg2 Ra6 13. Qf3 Nd5 14. Ndc4 Bf6 15. h4 h6 16. Ng4 Nd7 17. Bd2 N7b6 18. Nce5 Bxe5 19. Rxe5 f5 20. Nxh6+ gxh6 21. Rxe6 Rf6 22. Rae1 Kg7 23. c4 bxc3 24.
bxc3 Qd7 25. R6e5 Ra8 26. c4 Re6 27. Rxe6 1-0

[Event "*** Titled Tuesday Blitz"]
[Site "Chess.com"]
[Date "2020.04.07"]
[Round "5"]
[White "cassoulet"]
[Black "Alvarov79"]
[Result "1-0"]
[WhiteElo "2715"]
[BlackElo "2297"]
[TimeControl "180+1"]
[EndTime "13:55:43 PDT"]
[Termination "cassoulet won on time"]

1. e4 c5 2. Nf3 Nc6 3. Bb5 g6 4.
O-O Bg7 5. Re1 Nf6 6. c3 O-O 7. e5 Nd5 8. h3 Qb6 9. Bf1 d6 10. Na3 Qd8 11. exd6 exd6 12. Nc4 Nb6 13. Nxb6 Qxb6 14.
d3 Qc7 15. Bf4 Be6 16. Qd2 Rfe8 17. d4 cxd4 18. cxd4 Ne7 19. Rac1 Qd8 20. Bh6 Bxa2 21. Bxg7 Kxg7 22. Qf4 Bd5 23. Ng5 Qd7 24. Qh4 h6 25. Ne4 Bxe4 26. Qxe4 Nf5 27. Qd5 Rxe1 28. Rxe1 Rd8 29. Bc4 Rf8 30. Bb5 Qc7 31. Bd3 Ne7 32. Qe4 Nc6 33. Rc1 Qb6 34. d5 Ne5 35. Bb1 Qxb2 36.
Rc7 Qb6 37. Re7 Kg8 38. Bc2 Qa6 39. Kh2 Qf1 40. f4 f5 41. Qd4 Qe2 42. fxe5 Qxc2 43. e6 1-0

[Event "*** Titled Tuesday Blitz"]
[Site "Chess.com"]
[Date "2020.04.07"]
[Round "5"]
[White "PetrolulSah"]
[Black "annacramling"]
[Result "1-0"]
[WhiteElo "2235"]
[BlackElo "1953"]
[TimeControl "180+1"]
[EndTime "13:55:43 PDT"]
[Termination "PetrolulSah won on time"]

1. d4 Nf6 2. c4 e6 3. Nf3 d5 4.
g3 Bb4+ 5. Bd2 Bd6 6. Bg2 c6 7. O-O Nbd7 8. Nc3 O-O 9. Qc2 dxc4 10. e4 e5 11. d5 cxd5 12. exd5 Nb6 13. Rad1 Bg4 14.
Rfe1 Re8 15. Bg5 h6 16. Bxf6 Qxf6 17. Ne4 Qd8 18. Nxd6 Qxd6 19. Qe4 f5 20. Qc2 e4 21. Nh4 Bxd1 22. Rxd1 Rf8 23. Bh3 Qc5 24. Bxf5 e3 25.
Be6+ Rf7 26. fxe3 Qxe3+ 27. Kg2 Qe5 28. Rf1 Rf8 29. Ng6 Qg5 30. Nxf8 1-0

[Event "*** Titled Tuesday Blitz"]
[Site "Chess.com"]
[Date "2020.04.07"]
[Round "5"]
[White "Malev212"]
[Black "jonaszmb"]
[Result "1-0"]
[WhiteElo "2600"]
[BlackElo "2401"]
[TimeControl "180+1"]
[EndTime "13:55:44 PDT"]
[Termination "Malev212 won by resignation"]

1. c4 e6 2. g3 Nf6 3. Bg2 d5 4. Nf3 dxc4 5. Qc2 Nbd7 6. Qxc4 a6 7. O-O b5 8. Qc6 Rb8 9. d3 Bb7 10. Qc2 c5 11. b3 Bd6 12. Bb2 O-O 13. Nbd2 Nb6 14.
Rac1 Rc8 15. Qb1 Qe7 16. Qa1 a5 17. Ne4 Bxe4 18. dxe4 Bb8 19. a4 bxa4 20. bxa4 Rfd8 21. Bc3 c4 22. Bxa5 Ba7 23. e5 Nfd5 24. Nd4 Nd7 25. Nb5 Bc5 26. Bxd8 Qxd8 27. Nd6 Bxd6 28. exd6 Qb6 29.
Rfd1 Nc5 30. Rxc4 Rd8 31. Bxd5 Qxd6 32. Rxc5 Qxc5 33. Bf3 Rb8 34. a5 e5 35. a6 Qa7 36.
Qxe5 Rf8 37. Bb7 1-0

[Event "*** Titled Tuesday Blitz"]
[Site "Chess.com"]
[Date "2020.04.07"]
[Round "5"]
[White "FelixJoseYnojosa"]
[Black "Paralinch"]
[Result "0-1"]
[WhiteElo "2639"]
[BlackElo "2927"]
[TimeControl "180+1"]
[EndTime "13:55:45 PDT"]
[Termination "Paralinch won by resignation"]

1. c4 c5 2. Nf3 Nc6 3. d4 cxd4 4. Nxd4 g6 5. e4 Nf6 6. Be3 Nxe4 7. Bd3 Nf6 8. O-O Bg7 9. Nc3 O-O 10. Re1 d6 11. h3 Bd7 12. Bf1 Rc8 13. Rc1 a6 14. Qd2 Nxd4 15. Bxd4 Bc6 16. b4 e5 17. Be3 d5 18. b5 d4 19. bxc6 Rxc6 20. Bg5 dxc3 21. Qxc3 h6 22. Bh4 e4 23. Bxf6 Bxf6 24. Qc2 Bd4 25.
Rxe4 Rf6 26. Re2 Bc5 27. Rd1 Qb6 28. Rd5 Rd8 29. g3 Rxd5 30. cxd5 Qd6 31. Qb3 b5 32.
Bg2 h5 33. h4 Qb6 34. Qc2 a5 35. Be4 b4 36. Kg2 Qb5 37. Qd3 Qb6 38. f4 a4 39.
f5 Kg7 40. fxg6 fxg6 41. Bf3 b3 42. axb3 a3 43. Qc4 Qb4 44. Qa6 Rxa6 0-1

[Event "*** Titled Tuesday Blitz"]
[Site "Chess.com"]
[Date "2020.04.07"]
[Round "5"]
[White "SavelievAlexei"]
[Black "almo64"]
[Result "0-1"]
[WhiteElo "2425"]
[BlackElo "2700"]
[TimeControl "180+1"]
[EndTime "13:55:45 PDT"]
[Termination "almo64 won by resignation"]

1. e4 c5 2. Nf3 Nc6 3. Nc3 Nf6 4. d4 cxd4 5. Nxd4 d6 6. Bg5 Bd7 7. Qd2 a6 8. O-O-O e6 9. f4 Be7 10. Nxc6 Bxc6 11. Bd3 h6 12. Bh4 g5 13. fxg5 Ng4 14. Ne2 Bxg5 15. Bxg5 Qxg5 16. Nf4 O-O-O 17. h3 Ne5 18. g4 d5 19. exd5 Bxd5 20. Rhf1 Bc6 21. Kb1 Rd4 22. Ne2 Qxd2 23. Rxd2 Rd7 24. Nf4 Bb5 25.
Rff2 Rhd8 26. Kc1 Nxd3+ 27. cxd3 Kb8 28. Rf3 e5 29. Nh5 e4 30. Rf6 e3 31. Re2 Rc7+ 32. Rc2 e2 0-1

[Event "*** Titled Tuesday Blitz"]
[Site "Chess.com"]
[Date "2020.04.07"]
[Round "5"]
[White "Shivagami"]
[Black "SCIM"]
[Result "0-1"]
[WhiteElo "2167"]
[BlackElo "2485"]
[TimeControl "180+1"]
[EndTime "13:55:45 PDT"]
[Termination "SCIM won on time"]

1. d4 Nf6 2. Bf4 d5 3. e3 e6 4. Nd2 Bd6 5. Bg3 c5 6. c3 O-O 7. Bd3 b6 8. Qe2 a5 9. e4 Be7 10. Ngf3 Ba6 11. e5 Bxd3 12. Qxd3 Nfd7 13. O-O Nc6 14. a3 Qc7 15. Ne1 Rfb8 16. f4 cxd4 17. cxd4 Nxd4 18. Bf2 Nf5 19. g4 Nh6 20. Rc1 Nc5 21.
Qh3 Qd7 22. Ndf3 Ne4 23. Nd4 Bc5 24. Nef3 Nxf2 25. Rxf2 Rc8 26. Rfc2 Bxd4+ 27. Nxd4 Rxc2 28. Rxc2 Rc8 29. g5 Rxc2 30. Nxc2 Nf5 31. Qc3 d4 32. Qc4 d3 33. Qa6 g6 34. Na1 d2 0-1

[Event "*** Titled Tuesday Blitz"]
[Site "Chess.com"]
[Date "2020.04.07"]
[Round "5"]
[White "Unknown_IM"]
[Black "Mbneu"]
[Result "1-0"]
[WhiteElo "2512"]
[BlackElo "2262"]
[TimeControl "180+1"]
[EndTime "13:55:45 PDT"]
[Termination "Unknown_IM won by resignation"]

1. Nf3 Nf6 2. c4 e6 3. g3 d5 4.
Bg2 c5 5. O-O Nc6 6. b3 Be7 7.
Bb2 d4 8. e3 e5 9. exd4 exd4 10. d3 O-O 11. Na3 Bg4 12. Nc2 Ne5 13. Re1 Nxf3+ 14.
Bxf3 Bxf3 15. Qxf3 Qc7 16. b4 b6 17. a3 Bd6 18. Rad1 Rfe8 19. Bc1 Rxe1+ 20. Rxe1 Re8 21.
Rxe8+ Nxe8 22. Qe4 Nf6 23. Qa8+ Qb8 24. Qc6 Qc7 25.
Qf3 Nd7 26. Bd2 f6 27. Qd5+ Kf8 28. Ne1 Ne5 29. Nf3 Ke7 30. Nh4 g6 31. Qe4 f5 32.
Bg5+ Kf8 33. Qd5 Nf7 34. Bf6 Qd7 35. Nf3 Nd8 36. Ng5 h5 37. Bxd8 1-0

[Event "*** Titled Tuesday Blitz"]
[Site "Chess.com"]
[Date "2020.04.07"]
[Round "5"]
[White "dretch"]
[Black "bazar-wokzal"]
[Result "1-0"]
[WhiteElo "2790"]
[BlackElo "2543"]
[TimeControl "180+1"]
[EndTime "13:55:47 PDT"]
[Termination "dretch won by resignation"]

1. d4 Nf6 2. c4 Nc6 3. Nf3 e6 4. Bg5 h6 5. Bh4 Bb4+ 6. Nbd2 g5 7.
Bg3 g4 8. a3 gxf3 9. axb4 fxe2 10. Qxe2 Nxd4 11. Qd3 Nf5 12. Be5 d6 13. Bc3 e5 14. f4 Qe7 15. fxe5 Ng4 16. e6 Qxe6+ 17.
Be2 Rg8 18. O-O-O Nf2 19. Qf3 Nxd1 20. Bxd1 Nh4 21. Qf2 Nxg2 22. Rg1 Qh3 23. Bf3 Qxh2 24. Bxg2 Bd7 25. Nf1 Qh5 26. Bf3 Bg4 27. Qe2+ Kf8 28. Bxg4 Qg5+ 29. Bd2 Qf6 30. Rh1 Re8 31. Bxh6+ Qxh6+ 32. Rxh6 Rxe2 33. Bxe2 Ke7 34. Ne3 Rg5 35. Nd5+ Kd7 36.
Rh7 Rg1+ 37. Kd2 Kc6 38. Rxf7 1-0